 Dungeon Crawl Stone Soup version 0.30-a0-743-gbfdf073431 (webtiles) character file.

Game seed: 12303033563677514386

339 NinjaNoafa the Conjurer (level 7, 0/50 HPs)
             Began as a Meteoran Conjurer on Feb 5, 2023.
             Killed from afar by an orc wizard (8 damage)
             ... with a magic dart
             ... on level 6 of the Dungeon.
             The game lasted 00:07:52 (1399 turns).

NinjaNoafa the Conjurer (Meteoran Conjurer)         Turns: 1399, Time: 00:07:52

Health: 0/50       AC:  3    Str:  8    XL:     7   Next: 11%
Magic:  2/15       EV: 12    Int: 22    God:
Gold:   111        SH:  0    Dex: 13    Spells: 10/16 levels left

rFire   + . .      SeeInvis .    a - +3 falchion (elec)
rCold   . . .      Faith    .    (no shield)
rNeg    . . .      Spirit   .    k - +0 robe
rPois   .          Reflect  .    (no helmet)
rElec   .          Harm     .    (no cloak)
rCorr   +          Rampage  .    (no gloves)
Will    .....                    g - +0 pair of boots
Stlth   +                        (no amulet)
HPRegen 0.28/turn                c - ring of protection from fire
MPRegen 0.14/turn                u - ring of resist corrosion

@: glowing
A: sense surroundings 1, otherworldly, glowing, explore regen
a: no special abilities


You were on level 6 of the Dungeon.
You visited 1 branch of the dungeon, and saw 4 of its levels.
You also visited: Sewer.

You collected 111 gold pieces.

Inventory:

Hand Weapons
 a - a +3 falchion of electrocution (weapon)
Armour
 g - a +0 pair of boots (worn)
 k - a +0 robe (worn)
Jewellery
 c - a ring of protection from fire (left hand)
 u - a ring of resist corrosion (right hand)
Wands
 d - a wand of flame (22)
 h - a wand of polymorph (1)
Scrolls
 e - 2 scrolls of noise {unknown}
 l - a scroll of immolation {unknown}
 m - a scroll of identify {unknown}
 n - 2 scrolls of silence {unknown}
 o - a scroll of enchant weapon {unknown}
 q - a scroll of blinking {unknown}
 s - a scroll of vulnerability {unknown}
 t - a scroll of summoning {unknown}
Potions
 b - a potion of magic
 f - a potion of brilliance {unknown}
 i - a potion of might {unknown}
 j - 2 potions of heal wounds {unknown}
 p - a potion of mutation
 r - 5 potions of flight


   Skills:
 - Level 2.4 Dodging
 - Level 1.4 Stealth
 + Level 5.2 Spellcasting
 + Level 6.6 Conjurations
 + Level 2.7 Hexes
 + Level 2.7 Translocations


You had 10 spell levels left.
You knew the following spells:

 Your Spells              Type           Power      Damage    Failure   Level
a - Magic Dart            Conj           100%       1d8       1%          1
b - Searing Ray           Conj           70%        2d7       1%          2
c - Dazzling Flash        Conj/Hex       52%        N/A       4%          3

Your spell library contained the following spells:

 Spells                   Type           Power      Damage    Failure   Level
 Hailstorm                Conj/Ice       20%        3d6       8%          3
 Freeze                   Ice            20%        1d4       10%         1
 Gell's Gravitas          Tloc           17%        N/A       10%         3
 Teleport Other           Tloc           17%        N/A       10%         3
 Fulminant Prism          Conj/Hex       13%        3d9       14%         4
 Iskenderun's Mystic Bla  Conj/Tloc      26%        2d7       14%         4
 Frozen Ramparts          Ice            10%        1d2       30%         3
 Dispersal                Tloc           8%         N/A       99%         6


Dungeon Overview and Level Annotations

Branches:
Dungeon (6/15) Zot: 1456    Sewer (visited)
 Temple: D:4-7

Altars:


Innate Abilities, Weirdness & Mutations

You passively map a small area around you.
You are easily found by Zot.
You glow in the dark.
You regain HP and MP as you explore.


Message History

The searing ray hits the orc.
You kill the orc! (Press . to maintain the ray.)
The orc warrior closely misses you.
The searing ray hits the orc warrior.
The orc warrior is heavily wounded.
The orc warrior barely misses you.
The searing ray hits the orc warrior.
The orc warrior is severely wounded.
The searing ray hits something.
The orc warrior is no longer blind.
The orc warrior hits you with a +0 short sword.
* * * LOW HITPOINT WARNING * * *
The searing ray hits the orc warrior.
The orc warrior is severely wounded.
You finish channelling your searing ray.
The orc warrior barely misses you.
Casting: Searing Ray (safe; 1% risk of failure)
Confirm with . or Enter, or press ? or * to list all spells.
Casting: Dazzling Flash (dangerous; 4% risk of failure)
Press: ? - help, Dir - look around, f - activate The orc warrior hits you with a +0 short sword.
* * * LOW HITPOINT WARNING * * *
You closely miss the orc warrior.
The orc warrior is severely wounded.
A magic dart appears from out of thin air!
The magic dart hits the orc warrior.
The orc warrior hits you with a +0 short sword!
* * * LOW HITPOINT WARNING * * *
The orc warrior hits you with a +0 short sword.
* * * LOW HITPOINT WARNING * * *
You hear some strange, mumbled words.
A puff of flame appears from out of thin air!
The puff of flame hits the orc warrior.
Okay, then.
The orc warrior attacks as you move away!
The orc warrior misses you.
A magic dart appears from out of thin air!
Deactivating autopickup; reactivate with Ctrl-A.
The magic dart hits you!
You die...

#.##..~.~..#..,
#)##~~..~.##.#
#)###.....# .# #.#
####..##.#,, ###{###
##....# , #.....#
##..##### #....o#
##..~~≈≈≈## #.....#
#~.~≈.≈≈≈≈### #....@#
#.~~≈~.≈≈≈≈≈# #.....#
#..≈~~≈≈≈≈### #.....#
#.~≈≈~###### #.....##
#.~~.~~###.# #......#
#.~~≈~~....#*
#.##...###~~~.~...####
#......'...~~~~.......
####...#.#.~.~~).....#
#####...~~~.......#


You could see an orc warrior.

Vanquished Creatures
  Sigmund (D:2)
  An orc wizard (D:6)
  6 adders
  5 river rats (Sewer)
  2 worms
  A dart slug (D:3)
  2 orcs (D:6)
  3 endoplasms
  4 giant cockroaches
  2 hobgoblins (D:2)
  3 jackals (Sewer)
  A kobold (D:2)
  3 quokkas
  10 ball pythons
  11 bats
  5 frilled lizards
  2 rats
62 creatures vanquished.

Vanquished Creatures (others)
  2 plants (D:2)
2 creatures vanquished.

Grand Total: 64 creatures vanquished

Notes
Turn   | Place    | Note
-------+----------+-------------------------------------------
     0 | D:1      | NinjaNoafa the Meteoran Conjurer began the quest for the
                  | Orb.
     0 | D:1      | Reached XP level 1. HP: 14/14 MP: 5/5
   136 | D:2      | Reached skill level 5 in Conjurations
   136 | D:2      | Reached XP level 2. HP: 20/20 MP: 4/7
   159 | D:2      | Noticed Sigmund
   184 | D:1      | Learned a level 2 spell: Searing Ray
   447 | D:2      | Killed Sigmund
   448 | D:2      | Reached skill level 5 in Spellcasting
   448 | D:2      | Reached skill level 6 in Conjurations
   448 | D:2      | Reached XP level 3. HP: 26/26 MP: 4/10
   448 | D:2      | Reached XP level 4. HP: 33/33 MP: 4/12
   448 | D:2      | Reached XP level 5. HP: 38/38 MP: 4/13
   448 | D:2      | Reached XP level 6. HP: 45/45 MP: 4/14
   576 | D:2      | Learned a level 3 spell: Dazzling Flash
   699 | D:3      | Found a faded altar of an unknown god.
   745 | D:3      | Found a glowing drain.
   770 | Sewer    | Entered a sewer
   774 | Sewer    | Reached skill level 1 in Hexes
   774 | Sewer    | Reached skill level 1 in Translocations
  1134 | Sewer    | Reached XP level 7. HP: 49/50 MP: 2/15
  1174 | Sewer    | Glimpsed the power of Zot.
  1221 | Sewer    | Glimpsed the power of Zot.
  1317 | D:3      | You fall into a shaft and drop 3 floors!
  1399 | D:6      | Killed from afar by an orc wizard

Illustrated notes

Levels and vault maps discovered:
D:1:      dpeg_arrival_concentric_ovals, layout_basic, serial_shops,
          nicolae_shop_hallway_plus
D:2:      layout_basic, serial_forest, infiniplex_forest_end_1,
          infiniplex_forest_lined_2, infiniplex_forest_clump_double,
          infiniplex_forest_fountain, infiniplex_forest_split, uniq_natasha,
          uniq_sigmund
D:3:      layout_loops_ring, hellmonk_ecumenical_altar_heavens_door,
          gup_sewer_entry_glass, kennysheep_crisscross
D:6:      layout_basic, cheibrodos_ashenzari_chains, serial_rivers,
          chequers_serial_rivers_micro_e, chequers_serial_rivers_micro_c,
          chequers_serial_rivers_micro_c, chequers_serial_rivers_micro_e,
          chequers_serial_rivers_micro_d, chequers_serial_rivers_large_a

Skill      XL: |  1  2  3  4  5  6 |
---------------+-------------------+-----
Spellcasting   | 3 5 |  5.2
Conjurations   | 5 6 |  6.6
Hexes          | 2 |  2.7
Translocations | 2 |  2.7
Dodging        | |  2.4
Stealth        | |  1.4

Action                     |  1- 3 |  4- 6 |  7- 9 || total
---------------------------+-------+-------+-------++-------
  Melee: Unarmed           |     1 |       |       ||     1
         Falchion          |       |    28 |     4 ||    32
   Cast: Magic Dart        |    19 |    50 |     4 ||    73
         Searing Ray       |     1 |    13 |     4 ||    18
         Dazzling Flash    |       |     2 |     2 ||     4
    Use: Potion            |       |       |     1 ||     1
   Stab: Sleeping          |       |     1 |       ||     1
 Armour: Robe              |       |    42 |     1 ||    43
  Dodge: Dodged            |     4 |    74 |    10 ||    88

Table legend: (Time is in decaauts)
 A = Elapsed time spent in this place.
 B = Non-inter-level travel time spent in this place.
 C = Inter-level travel time spent in this place.
 D = Time resting spent in this place.
 E = Time spent auto-exploring this place.
 F = Levels seen in this place.
 G = Mean time per level.
                   A        B        C        D        E       F      G
               +--------+--------+--------+--------+--------+-----+--------+
         Total |   1509 |   1357 |    152 |     26 |    453 |   5 |  301.8 |
       Dungeon |    942 |    790 |    152 |     26 |    333 |   4 |  235.5 |
         Sewer |    566 |    566 |      0 |      0 |    120 |   1 |  566.0 |
               +--------+--------+--------+--------+--------+-----+--------+

Top non-repeatable levels by time:
   Sewer: 566 daAuts
     D:2: 357 daAuts
     D:1: 319 daAuts
     D:3: 178 daAuts
     D:6: 87 daAuts
